| TOP OF THE 1ST |
|
Hamilton Ross Rams batting - Pitching for University of Florida Gators : RHP Jordan Williams
|
|
Pitching: RHP Jordan Williams
|
|
|
Batting: LHB Addergoole Kartosuwiryo
|
0-0: Called Strike 0-1: Ball 1-1: Ball 2-1: Ball 3-1: Swinging Strike 3-2: Base on Balls
|
|
Batting: RHB Giovonni Melis
|
0-0: Called Strike 0-1: Called Strike 0-2: Ball 1-2: Ball 2-2: Foul Ball, location: 2F 2-2: Fielders Choice at 2nd, 6-4 (Groundball, 6, EV 80.6 MPH)
|
|
Batting: RHB Burke Miller
|
0-0: Ball 1-0: Swinging Strike 1-1: Called Strike 1-2: Fly out, F8 (Flyball, 78M, EV 85.6 MPH)
|
|
Batting: LHB Miguel Silveira
|
0-0: Ball Giovonni Melis is caught stealing 2nd base 2-6
|
| Top of the 1st over - 0 runs, 0 hits, 0 errors, 0 left on base; Hamilton Ross 0 - University of Florida 0 |
| BOTTOM OF THE 1ST |
|
University of Florida Gators batting - Pitching for Hamilton Ross Rams : LHP Dao-zi Woo
|
|
Pitching: LHP Dao-zi Woo
|
|
|
Batting: RHB Jiao-long Zhào
|
0-0: Ball 1-0: Fly out, F8 (Flyball, 8LD, EV 100.0 MPH)
|
|
Batting: SHB Tokuichi Ishida
|
0-0: Foul Ball, location: 2F 0-1: Ball 1-1: Called Strike 1-2: Foul Ball, location: 2F 1-2: SINGLE (Groundball, 6MD, EV 105.6 MPH)
|
|
Batting: RHB Gong-sun Law
|
0-0: Swinging Strike 0-1: Ball 1-1: Called Strike Tokuichi Ishida is caught stealing 2nd base 2-4 1-2: Ball 2-2: Strikes out looking
|
| Bottom of the 1st over - 0 runs, 1 hit, 0 errors, 0 left on base; Hamilton Ross 0 - University of Florida 0 |
| TOP OF THE 2ND |
|
Hamilton Ross Rams batting - Pitching for University of Florida Gators : RHP Jordan Williams
|
|
Batting: LHB Miguel Silveira
|
0-0: Ground out 6-3 (Groundball, 6, EV 84.4 MPH)
|
|
Batting: RHB Christian Leschak
|
0-0: Foul Ball, location: 2F 0-1: Ball 1-1: Swinging Strike 1-2: Ball 2-2: Strikes out swinging, 2-3 out at first.
|
|
Batting: RHB Sam Costello
|
0-0: Called Strike 0-1: Ball 1-1: Swinging Strike 1-2: Strikes out swinging
|
| Top of the 2nd over - 0 runs, 0 hits, 0 errors, 0 left on base; Hamilton Ross 0 - University of Florida 0 |
| BOTTOM OF THE 2ND |
|
University of Florida Gators batting - Pitching for Hamilton Ross Rams : LHP Dao-zi Woo
|
|
Batting: RHB Lião Weishampt
|
0-0: Called Strike 0-1: Ball 1-1: Ball 2-1: Foul Ball, location: 2F 2-2: Foul Ball, location: 2F 2-2: Fly out, F4 (Popup, 4S, EV 76.2 MPH)
|
|
Batting: RHB Jae-won Kwon
|
0-0: Fly out, F8 (Flyball, 78D, EV 90.0 MPH)
|
|
Batting: LHB Roy Davies
|
0-0: Fly out, F7 (Flyball, 7, EV 81.9 MPH)
|
| Bottom of the 2nd over - 0 runs, 0 hits, 0 errors, 0 left on base; Hamilton Ross 0 - University of Florida 0 |
| TOP OF THE 3RD |
|
Hamilton Ross Rams batting - Pitching for University of Florida Gators : RHP Jordan Williams
|
|
Batting: LHB Jose Lopez
|
0-0: Ball 1-0: Ball 2-0: Swinging Strike 2-1: DOUBLE (Line Drive, 7LS, EV 109.4 MPH)
|
|
Batting: RHB C.J. Fleet
|
0-0: Ball 1-0: Ball 2-0: Foul Ball, location: 2F 2-1: Swinging Strike 2-2: Strikes out swinging
|
|
Batting: RHB Mark Kerr
|
0-0: Ball 1-0: Ball 2-0: Fly out, F4 (Popup, 34S, EV 68.1 MPH)
|
|
Batting: LHB Addergoole Kartosuwiryo
|
0-0: Swinging Strike 0-1: Ball 1-1: Ball 2-1: Foul Ball, location: 2F 2-2: Strikes out swinging
|
| Top of the 3rd over - 0 runs, 1 hit, 0 errors, 1 left on base; Hamilton Ross 0 - University of Florida 0 |
| BOTTOM OF THE 3RD |
|
University of Florida Gators batting - Pitching for Hamilton Ross Rams : LHP Dao-zi Woo
|
|
Batting: SHB Pat Justice
|
0-0: Ball 1-0: Foul Ball, location: 2F 1-1: Called Strike 1-2: Fly out, F6 (Flyball, 6D, EV 86.9 MPH)
|
|
Batting: LHB Dave Newsome
|
0-0: Ball 1-0: Ball 2-0: Ground out U3 (Groundball, 3, EV 80.6 MPH)
|
|
Batting: RHB Manny Harrison
|
0-0: Called Strike 0-1: Ball 1-1: Swinging Strike 1-2: Foul Ball, location: 2F 1-2: Strikes out swinging
|
| Bottom of the 3rd over - 0 runs, 0 hits, 0 errors, 0 left on base; Hamilton Ross 0 - University of Florida 0 |
| TOP OF THE 4TH |
|
Hamilton Ross Rams batting - Pitching for University of Florida Gators : RHP Jordan Williams
|
|
Batting: RHB Giovonni Melis
|
0-0: Ball 1-0: Ball 2-0: Swinging Strike 2-1: Bunt for hit to 15 - play at first, batter safe!
|
|
Batting: RHB Burke Miller
|
0-0: Ball Giovonni Melis steals 2nd base 1-0: Ground out 5-3 (Groundball, 15, EV 89.4 MPH)
|
|
Batting: LHB Miguel Silveira
|
0-0: Ball 1-0: Foul Ball, location: 2F 1-1: Ball 2-1: Ground out U3 (Groundball, 34, EV 88.1 MPH) Giovonni Melis to third
|
|
Batting: RHB Christian Leschak
|
0-0: Ball 1-0: Called Strike 1-1: Ball 2-1: Ground out 5-3 (Groundball, 56S, EV 71.9 MPH)
|
| Top of the 4th over - 0 runs, 1 hit, 0 errors, 1 left on base; Hamilton Ross 0 - University of Florida 0 |
| BOTTOM OF THE 4TH |
|
University of Florida Gators batting - Pitching for Hamilton Ross Rams : LHP Dao-zi Woo
|
|
Batting: RHB Jiao-long Zhào
|
0-0: Ball 1-0: Ground out 5-3 (Groundball, 56, EV 96.2 MPH)
|
|
Batting: SHB Tokuichi Ishida
|
0-0: Called Strike 0-1: Ground out 6-3 (Groundball, 6, EV 87.5 MPH)
|
|
Batting: RHB Gong-sun Law
|
0-0: Ball 1-0: Fly out, F7 (Flyball, 7S, EV 87.5 MPH)
|
| Bottom of the 4th over - 0 runs, 0 hits, 0 errors, 0 left on base; Hamilton Ross 0 - University of Florida 0 |
| TOP OF THE 5TH |
|
Hamilton Ross Rams batting - Pitching for University of Florida Gators : RHP Jordan Williams
|
|
Batting: RHB Sam Costello
|
0-0: SINGLE (Groundball, 56S, EV 72.5 MPH) (infield hit)
|
|
Batting: LHB Jose Lopez
|
0-0: Fielders Choice at 2nd, 5-4 (Groundball, 56, EV 82.5 MPH)
|
|
Batting: RHB C.J. Fleet
|
0-0: Ball 1-0: Foul Ball, location: 2F 1-1: Swinging Strike 1-2: Foul Ball, location: 2F 1-2: Grounds into double play, 6-4-3 (Groundball, 6, EV 106.2 MPH)
|
| Top of the 5th over - 0 runs, 1 hit, 0 errors, 0 left on base; Hamilton Ross 0 - University of Florida 0 |
| BOTTOM OF THE 5TH |
|
University of Florida Gators batting - Pitching for Hamilton Ross Rams : LHP Dao-zi Woo
|
|
Batting: RHB Lião Weishampt
|
0-0: Ball 1-0: Ground out 6-3 (Groundball, 6M, EV 81.9 MPH)
|
|
Batting: RHB Jae-won Kwon
|
0-0: Foul Ball, location: 2F 0-1: Called Strike 0-2: Ball 1-2: Ball 2-2: Foul Ball, location: 2F 2-2: Strikes out swinging
|
|
Batting: LHB Roy Davies
|
0-0: Ball 1-0: Swinging Strike 1-1: Ground out 6-3 (Groundball, 6, EV 85.6 MPH)
|
| Bottom of the 5th over - 0 runs, 0 hits, 0 errors, 0 left on base; Hamilton Ross 0 - University of Florida 0 |
| TOP OF THE 6TH |
|
Hamilton Ross Rams batting - Pitching for University of Florida Gators : RHP Jordan Williams
|
|
Batting: RHB Mark Kerr
|
0-0: Fly out, F2 (Popup, 3SF, EV 83.8 MPH)
|
|
Batting: LHB Addergoole Kartosuwiryo
|
0-0: Ball 1-0: Ground out 3-1 (Groundball, 34, EV 110.0 MPH)
|
|
Batting: RHB Giovonni Melis
|
0-0: Foul Ball, location: 2F 0-1: Ball 1-1: Foul Ball, location: 2F 1-2: Ball 2-2: Ground out 5-3 (Groundball, 5L, EV 96.2 MPH)
|
| Top of the 6th over - 0 runs, 0 hits, 0 errors, 0 left on base; Hamilton Ross 0 - University of Florida 0 |
| BOTTOM OF THE 6TH |
|
University of Florida Gators batting - Pitching for Hamilton Ross Rams : LHP Dao-zi Woo
|
|
Batting: SHB Pat Justice
|
0-0: Ball 1-0: Ball 2-0: DOUBLE (Flyball, 78XD, EV 108.8 MPH)
|
|
Batting: LHB Dave Newsome
|
0-0: Ball 1-0: Ball 2-0: Foul Ball, location: 2F 2-1: Ball 3-1: Base on Balls
|
|
Batting: RHB Manny Harrison
|
0-0: Called Strike 0-1: Grounds into double play, 4-6-3 (Groundball, 34, EV 96.9 MPH) Pat Justice to third
|
|
Batting: RHB Jiao-long Zhào
|
0-0: Called Strike 0-1: Called Strike 0-2: Strikes out swinging
|
| Bottom of the 6th over - 0 runs, 1 hit, 0 errors, 1 left on base; Hamilton Ross 0 - University of Florida 0 |
| TOP OF THE 7TH |
|
Hamilton Ross Rams batting - Pitching for University of Florida Gators : RHP Jordan Williams
|
|
Batting: RHB Burke Miller
|
0-0: Ball 1-0: Ball 2-0: Swinging Strike 2-1: Foul Ball, location: 2F 2-2: Foul Ball, location: 2F 2-2: SINGLE (Groundball, 56D, EV 105.6 MPH)
|
|
Pitching: LHP Adhamh Lubis
|
|
|
Batting: LHB Miguel Silveira
|
0-0: SINGLE (Line Drive, 34, EV 98.8 MPH) Burke Miller to second
|
|
Pitching: LHP Michel Loiseau
|
|
|
Batting: RHB Christian Leschak
|
0-0: Foul Ball, location: 2F 0-1: Foul Ball, location: 2F 0-2: Ball 1-2: Strikes out swinging
|
|
Batting: RHB Sam Costello
|
0-0: DOUBLE (Flyball, 8LD, EV 102.5 MPH) Burke Miller scores Miguel Silveira to third
|
|
Batting: LHB Jose Lopez
|
0-0: Ball 1-0: Ball 2-0: Ball 3-0: Called Strike 3-1: Foul Ball, location: 2F 3-2: Fly out, F6 (Popup, 6M, EV 63.8 MPH)
|
|
Batting: RHB C.J. Fleet
|
0-0: Intentional Walk
|
|
Batting: RHB Mark Kerr
|
0-0: Ground out 5-3 (Groundball, 56S, EV 88.1 MPH)
|
| Top of the 7th over - 1 run, 3 hits, 0 errors, 3 left on base; Hamilton Ross 1 - University of Florida 0 |
| BOTTOM OF THE 7TH |
|
University of Florida Gators batting - Pitching for Hamilton Ross Rams : LHP Dao-zi Woo
|
|
Batting: SHB Tokuichi Ishida
|
0-0: Fly out, F8 (Line Drive, 78D, EV 94.4 MPH)
|
|
Batting: RHB Gong-sun Law
|
0-0: Ball 1-0: Called Strike 1-1: SINGLE (Line Drive, 4MD, EV 108.8 MPH)
|
|
Batting: RHB Lião Weishampt
|
0-0: Ball Balk! Gong-sun Law to second 1-0: Foul Ball, location: 2F 1-1: Swinging Strike 1-2: Foul Ball, location: 2F 1-2: Foul Ball, location: 2F 1-2: Ball 2-2: Foul Ball, location: 2F 2-2: Strikes out swinging
|
|
Batting: RHB Jae-won Kwon
|
0-0: Fly out, F7 (Flyball, 7S, EV 89.4 MPH)
|
| Bottom of the 7th over - 0 runs, 1 hit, 0 errors, 1 left on base; Hamilton Ross 1 - University of Florida 0 |
| TOP OF THE 8TH |
|
Hamilton Ross Rams batting - Pitching for University of Florida Gators : LHP Michel Loiseau
|
|
Batting: LHB Addergoole Kartosuwiryo
|
0-0: Ball 1-0: Swinging Strike 1-1: SINGLE (Line Drive, 78S, EV 106.9 MPH)
|
|
Batting: RHB Giovonni Melis
|
0-0: Bunted foul 0-1: Sac Bunt to 15 - play at first, batter OUT! 1-3 Addergoole Kartosuwiryo to second
|
|
Batting: RHB Burke Miller
|
0-0: Intentional Walk
|
|
Pinch Hitting: SHB Steve Bailey
|
0-0: Ball 1-0: Called Strike 1-1: Ball 2-1: Called Strike 2-2: Strikes out swinging
|
|
Batting: RHB Christian Leschak
|
0-0: Swinging Strike 0-1: Fly out, F8 (Flyball, 78XD, EV 92.5 MPH)
|
| Top of the 8th over - 0 runs, 1 hit, 0 errors, 2 left on base; Hamilton Ross 1 - University of Florida 0 |
| BOTTOM OF THE 8TH |
|
University of Florida Gators batting - Pitching for Hamilton Ross Rams : LHP Dao-zi Woo
|
|
Now at 1B: Steve Bailey
|
|
|
Now at 3B: Waggoner Wagner
|
|
|
Now in LF: Jose Lopez
|
|
|
Batting: SHB Nelson Carachure
|
0-0: Ball 1-0: Called Strike 1-1: Ball 2-1: Fly out, F5 (Flyball, 5D, EV 86.9 MPH)
|
|
Batting: SHB Pat Justice
|
0-0: Foul Ball, location: 2F 0-1: Foul Ball, location: 2F 0-2: Strikes out looking
|
|
Batting: LHB Dave Newsome
|
0-0: Ball 1-0: SINGLE (Line Drive, 6M, EV 103.8 MPH)
|
|
Pitching: LHP Setsuo Kimura
|
|
|
Batting: RHB Manny Harrison
|
0-0: Ball 1-0: Fielders Choice at 2nd, 6-4 (Groundball, 56, EV 87.5 MPH)
|
| Bottom of the 8th over - 0 runs, 1 hit, 0 errors, 1 left on base; Hamilton Ross 1 - University of Florida 0 |
| TOP OF THE 9TH |
|
Hamilton Ross Rams batting - Pitching for University of Florida Gators : LHP Michel Loiseau
|
|
Pitching: RHP Gwang-sam Choe
|
|
|
Batting: RHB Sam Costello
|
0-0: Fly out, F8 (Flyball, 8RM, EV 83.1 MPH)
|
|
Batting: LHB Jose Lopez
|
0-0: Called Strike 0-1: Ball 1-1: Foul Ball, location: 2F 1-2: Foul Ball, location: 2F 1-2: Ball 2-2: Foul Ball, location: 2F 2-2: Strikes out looking
|
|
Batting: RHB C.J. Fleet
|
0-0: Ball 1-0: Ball 2-0: Foul Ball, location: 2F 2-1: Ball 3-1: Base on Balls
|
|
Batting: RHB Mark Kerr
|
0-0: Called Strike 0-1: Called Strike 0-2: Strikes out looking
|
| Top of the 9th over - 0 runs, 0 hits, 0 errors, 1 left on base; Hamilton Ross 1 - University of Florida 0 |
| BOTTOM OF THE 9TH |
|
University of Florida Gators batting - Pitching for Hamilton Ross Rams : LHP Setsuo Kimura
|
|
Batting: RHB Jiao-long Zhào
|
0-0: Ground out 5-3 (Groundball, 5, EV 101.9 MPH)
|
|
Batting: SHB Tokuichi Ishida
|
0-0: Called Strike 0-1: Ball 1-1: Foul Ball, location: 2F 1-2: Ball 2-2: Ground out 1-3 (Groundball, 13, EV 66.9 MPH)
|
|
Batting: RHB Gong-sun Law
|
0-0: Ball 1-0: SINGLE (Line Drive, 78D, EV 101.2 MPH)
|
|
Batting: RHB Lião Weishampt
|
0-0: Ball 1-0: Foul Ball, location: 2F 1-1: Foul Ball, location: 2F 1-2: SINGLE (Flyball, 6MD, EV 91.2 MPH) Gong-sun Law to second Runner from 2nd tries for 3rd, SAFE, throw by CF made to third
|
|
Batting: RHB Jae-won Kwon
|
0-0: Called Strike 0-1: Ball 1-1: Fielders Choice at 2nd, 6-4 (Groundball, 6, EV 81.2 MPH)
|
| Bottom of the 9th over - 0 runs, 2 hits, 0 errors, 2 left on base; Hamilton Ross 1 - University of Florida 0 |
|